Match 42616222
Unlisted

Match 42616222
End
Kettenkrad Recon Vehicle
Construct Infanterie Kompanie
MG 42 Machine Gun Team
Grenadier Squad
GrW 34 Mortar Team
Construct Luftwaffe Kompanie
221 Scout Car
Selects Breakthrough Battlegroup
Selects Rapid Production
Jäger Squad
Medical Bunker
Luftwaffe Officer Quarters
Selects Assault Grenadiers
Selects Smoke Bombing Run
Selects Mechanized Assault Group
Mechanized Assault Group
Construct Panzer Kompanie
Selects Blitzkrieg
Stoßtruppen Squad
Stoßtruppen Squad
Nubbl0r
بحر الحيتان
0
0

Comments sign in to comment!

No comments posted yet!